 Dungeon Crawl Stone Soup version 0.29-a0-821-g66395355a5 (webtiles) character file.

Game seed: 14551974357896684187

98 Zonian the Chiller (level 4, 0/30 HPs)
             Began as a Demonspawn Ice Elementalist on July 7, 2022.
             Was a Follower of Okawaru.
             Slain by a gnoll
             ... wielding a +2 halberd of flaming
              (1 damage)
             ... on level 3 of the Dungeon.
             The game lasted 00:03:39 (2107 turns).

Zonian the Chiller (Demonspawn Ice Elementalist)    Turns: 2107, Time: 00:03:39

Health: 0/30       AC:  3    Str:  8    XL:     4   Next: 43%
Magic:  7/7        EV: 12    Int: 16    God:    Okawaru [*.....]
Gold:   104        SH:  0    Dex: 16    Spells: 6/7 levels left

rFire   . . .      SeeInvis .   p - +3 trident
rCold   . . .      Faith    .   (no shield)
rNeg    . . .      Spirit   .   a - +0 robe
rPois   .          Reflect  .   (no helmet)
rElec   .          Harm     .   (no cloak)
rCorr   .          Rampage  .   (no gloves)
Will    .....                   m - +0 pair of boots
Stlth   ++........              d - amulet of the acrobat
HPRegen 0.10/turn               g - ring of flight
MPRegen 0.20/turn               (no ring)

@: flying
A: foul stench 1, magic regeneration
a: Renounce Religion, Heroism


You were on level 3 of the Dungeon.
You worshipped Okawaru.
Okawaru was aware of your devotion.
You visited 1 branch of the dungeon, and saw 3 of its levels.

You collected 104 gold pieces.

Inventory:

Hand Weapons
 e - a +0 short sword
 i - a +0 dagger
 p - a +3 trident (weapon)
Missiles
 h - a throwing net
Armour
 a - a +0 robe (worn)
 m - a +0 pair of boots (worn)
Jewellery
 d - an amulet of the acrobat (around neck)
 g - a ring of flight (left hand)
 q - an amulet of reflection
Scrolls
 c - 5 scrolls of fog {unknown}
 f - a scroll of teleportation {unknown}
 j - a scroll of identify
 k - a scroll of silence {unknown}
 n - a scroll of fear {unknown}
 o - a scroll of enchant armour {unknown}
 s - a scroll of poison {unknown}
Potions
 b - a potion of magic
 l - a potion of heal wounds
 r - 2 potions of resistance {unknown}
 t - a potion of flight {unknown}


   Skills:
 - Level 2.0 Dodging
 - Level 2.1 Stealth
 - Level 2.2 Spellcasting
 + Level 5.1 Ice Magic


You had 6 spell levels left.
You knew the following spells:

 Your Spells              Type           Power      Damage    Failure   Level
a - Freeze                Ice            72%        1d9       2%          1

Your spell library contained the following spells:

 Spells                   Type           Power      Damage    Failure   Level
 Frozen Ramparts          Ice            36%        1d5       8%          3
 Ozocubu's Armour         Ice            18%        N/A       8%          3
 Ensorcelled Hibernation  Hex/Ice        18%        N/A       11%         2
 Magic Dart               Conj           4%         1d3       21%         1
 Scorch                   Fire           2%         2d5       30%         2
 Searing Ray              Conj           2%         2d4       30%         2
 Gell's Gravitas          Tloc           1%         N/A       52%         3
 Spider Form              Tmut/Pois      1%         N/A       52%         3
 Teleport Other           Tloc           1%         N/A       52%         3
 Hailstorm                Conj/Ice       9%         3d4       56%         4
 Anguish                  Hex/Necr       0%         N/A       90%         4
 Flame Wave               Conj/Fire      1%         2d4       90%         4
 Fulminant Prism          Conj/Hex       0%         3d6       90%         4
 Dispersal                Tloc           0%         N/A       100%        6
 Summon Cactus Giant      Summ           Unusable   N/A       N/A         6

Dungeon Overview and Level Annotations

Branches:
Dungeon (3/15)

Altars:
Okawaru


Innate Abilities, Weirdness & Mutations

You may rarely emit foul miasma when damaged in melee.
You regenerate magic rapidly.


Message History

The gnoll hits you with a +0 spear.
You hit the gnoll.
You kill the gnoll!
Okawaru accepts your kill.
Your Ice Magic skill increases to level 5!
Unknown command.
You hit the gnoll.
The gnoll is heavily wounded.
The gnoll hits you with a +0 flail. The kobold misses you.
You hit the gnoll.
The gnoll is severely wounded.
The gnoll hits you with a +0 flail. The kobold hits you but does no damage.
The gnoll hits you from afar with a +2 halberd of flaming.
The gnoll burns you.
Unknown command.
You puncture the gnoll!
You kill the gnoll!
Okawaru accepts your kill. The gnoll barely misses you.
The kobold hits you but does no damage.
Unknown command.
The gnoll completely misses you.
The kobold throws a stone.
The stone completely misses you.
The stone barely misses the gnoll.
Things that are here:
a +0 flail; a +0 spear; a gnoll corpse You hit the gnoll.
The gnoll is severely wounded.
The gnoll barely misses you.
The kobold throws a stone.
The stone misses you.
The stone hits the gnoll but does no damage.
Unknown command.
The ball python hisses angrily.
You hit the gnoll but do no damage.
The gnoll is severely wounded.
You feel like a meek peon again. The gnoll closely misses you.
You barely miss the gnoll.
The gnoll is severely wounded.
The gnoll hits you with a +2 halberd of flaming!
* * * LOW HITPOINT WARNING * * *
The gnoll burns you.
You die...

#............#
#............#
###..#.......#
...#.####.####
### #. #S# #.
#)# ## #.# #g#
#@# #K# #.#
#.# #.# #.#
#.# #.# ..#


You could see a gnoll, a ball python and a kobold.

Vanquished Creatures
  3 gnolls (D:3)
  2 adders (D:2)
  A worm (D:3)
  A dart slug (D:1)
  6 bats
  2 endoplasms
  A giant cockroach (D:1)
  6 goblins (D:1)
  5 hobgoblins
  2 quokkas (D:1)
  5 ball pythons
  4 frilled lizards (D:1)
  3 kobolds
  5 rats
46 creatures vanquished.

Notes
Turn   | Place    | Note
-------+----------+-------------------------------------------
     0 | D:1      | Zonian the Demonspawn Ice Elementalist began the quest for
                  | the Orb.
     0 | D:1      | Reached XP level 1. HP: 13/13 MP: 3/3
   186 | D:1      | Gained mutation: You may rarely emit foul miasma when
                  | damaged in melee. [demonic ancestry]
   186 | D:1      | Reached XP level 2. HP: 19/19 MP: 0/5
   680 | D:1      | Reached skill level 4 in Ice Magic
   894 | D:1      | Found a faded altar of an unknown god.
   938 | D:1      | Gained mutation: You regenerate magic rapidly. [demonic
                  | ancestry]
   938 | D:1      | Reached XP level 3. HP: 24/24 MP: 4/6
  1093 | D:1      | Prayed at the altar of an unknown god.
  1093 | D:1      | Became a worshipper of Warmaster Okawaru
  1093 | D:1      | Reached * piety under Okawaru
  2074 | D:3      | Reached XP level 4. HP: 30/30 MP: 7/7
  2101 | D:3      | Reached skill level 5 in Ice Magic
  2107 | D:3      | HP: 1/30 [gnoll/+2 halberd of flaming (12)]
  2107 | D:3      | Slain by a gnoll

Illustrated notes

Levels and vault maps discovered:
D:1:      dpeg_arrival_subterranean_lakeside_camping, layout_basic,
          shapermc_ecumenical_altar_flowoftime, serial_park_tiny_1,
          hangedman_decor_clover_reticule
D:2:      layout_loops_cross, minmay_pentomino_w2
D:3:      due_chaos_kobolds, layout_basic, nicolae_overflow_crystal_walls,
          okawaru_trees_2

Skill      XL: |  1  2  3  4 |
---------------+-------------+-----
Dodging        | 2 |  2.0
Stealth        | 2 |  2.1
Ice Magic      | 4 5 |  5.1
Spellcasting   | |  2.2

Action                   |  1- 3 |  4- 6 || total
-------------------------+-------+-------++-------
Melee: Unarmed           |     7 |       ||     7
       Short sword       |    36 |       ||    36
       Trident           |    18 |    12 ||    30
 Cast: Freeze            |    33 |     1 ||    34
Invok: Heroism           |       |     1 ||     1
  Use: Scroll            |       |     1 ||     1
       Potion            |       |     1 ||     1
 Stab: Sleeping          |    10 |       ||    10
Armor: Robe              |    12 |     2 ||    14
Dodge: Dodged            |    55 |    13 ||    68

Table legend: (Time is in decaauts)
 A = Elapsed time spent in this place.
 B = Non-inter-level travel time spent in this place.
 C = Inter-level travel time spent in this place.
 D = Time resting spent in this place.
 E = Time spent auto-exploring this place.
 F = Levels seen in this place.
 G = Mean time per level.
                   A        B        C        D        E       F      G
               +--------+--------+--------+--------+--------+-----+--------+
         Total |   2115 |   2066 |     49 |      0 |   1660 |   3 |  705.0 |
       Dungeon |   2115 |   2066 |     49 |      0 |   1660 |   3 |  705.0 |
               +--------+--------+--------+--------+--------+-----+--------+

Top non-repeatable levels by time:
     D:1: 1127 daAuts
     D:2: 783 daAuts
     D:3: 205 daAuts
